Match 38767798
Unlisted

Match 38767798
End
250 Light Carrier
Selects Italian Combined Arms Battlegroup
Selects Bersaglieri Squad
Bersaglieri Squad
Bersaglieri Squad
Construct Light Support Kompanie
Combat Half-tracks
Selects Bersaglieri Bolster
Bersaglieri Squad
2.5-tonne Medical Truck
Construct Mechanized Kompanie
Selects Breda Model 30 Light Machine Guns
Marder III Tank Destroyer
Tungsten Core Ammunition
Veteran Squad Leaders
Selects Semovente da 75/18 Assault Gun
Support Armor Elements
254 Reconnaissance Tractor
Selects Carro Armato M13/40 Light Tank
Carro Armato M13/40 Light Tank
2.5-tonne Medical Truck
Selects Pact of Steel
Emergency Repair Kits
Construct Panzerarmee Kommand
Armored Reserves
18-tonne Recovery Half-track
Tiger Heavy Tank
Rapid Advance
BÖRK
Nag_ito
drago1z56_TTV
Mael Radec
Nightshade878
SnoopBock
Smorrebrod
Thunderstone
0
0

Comments sign in to comment!

No comments posted yet!